 Dungeon Crawl Stone Soup version 0.17.0-17-ge4ba49f (webtiles) character file.

42 Kold the Insei (level 3, -1/20 HPs)
             Began as a Vine Stalker Monk on Nov 11, 2015.
             Slain by a quokka (2 damage)
             ... on level 2 of the Dungeon.
             The game lasted 00:02:53 (1519 turns).

Kold the Insei (Vine Stalker Monk)                  Turns: 1519, Time: 00:02:53

Health: -1/20      AC:  2    Str: 13    XL:     3   Next: 56%
Magic:  0/4        EV: 13    Int: 10    God:
Gold:   150        SH:  0    Dex: 17    Spells: 0 memorised, 2 levels left

rFire  + . .     SeeInvis .       - Unarmed
rCold  . . .     Clarity  .     g - steam dragon hide
rNeg   . . .     SustAt   .     (no shield)
rPois  .         Gourm    .     (no helmet)
rElec  .         Spirit   +     (no cloak)
rCorr  .         Warding  .     (no gloves)
rMut   .         Stasis   .     (no boots)
MR     .....                    (no amulet)
Stlth  +++.......               (no ring)
                                i - ring of protection from fire

@: not resistant to hostile enchantments, fairly stealthy
A: fangs 2, regeneration 1, magic shield, antimagic bite, no device heal 3, rot
immunity
a: no special abilities


You were on level 2 of the Dungeon.
You were hungry.

You visited 1 branch of the dungeon, and saw 2 of its levels.

You collected 150 gold pieces.

Inventory:

Hand Weapons
 p - a +0 short sword
Armour
 a - a +0 robe
 g - a steam dragon hide (worn)
Jewellery
 i - a ring of protection from fire (left hand)
Scrolls
 d - a scroll of enchant weapon {unknown}
 e - a scroll of fear {unknown}
 f - 2 scrolls of remove curse {unknown}
 h - a scroll of random uselessness {unknown}
 j - a scroll of identify {unknown}
 l - a scroll of teleportation {unknown}
 m - a scroll of enchant armour {unknown}
Potions
 c - 2 potions of invisibility {unknown}
 o - a potion of flight {unknown}
Comestibles
 b - a bread ration
 k - a meat ration
 n - a slice of pizza


   Skills:
 + Level 3.1 Fighting
 + Level 2.6 Dodging
 + Level 3.7 Stealth
 - Level 4.2 Unarmed Combat


You had 2 spell levels left.
You didn't know any spells.

Dungeon Overview and Level Annotations

Branches:
Dungeon (2/15)

Altars:
Nemelex Xobeh


Innate Abilities, Weirdness & Mutations

You have extremely sharp teeth.
Your natural rate of healing is unusually fast.
When hurt, damage is shared between your health and your magic reserves.
Your bite disrupts and absorbs the magic of your enemies.
Potions and wands cannot restore your health.
You are immune to rotting.


Message History

* * * LOW HITPOINT WARNING * * *
You are too injured to fight recklessly!
The quokka bites you.
* * * LOW HITPOINT WARNING * * *
The quokka barely misses you.
You hit the quokka.
The quokka is heavily wounded.
The quokka barely misses you.
You closely miss the quokka. You bite the quokka. You drain its power.
You feel invigorated.
The quokka is severely wounded.
The quokka barely misses you.
You barely miss the quokka.
The quokka is severely wounded.
The quokka bites you.
* * * LOW HITPOINT WARNING * * *
You barely miss the quokka.
The quokka is heavily wounded.
The quokka bites you.
You die...

#############..### #########
.................# #........
#############..#.# #........
...............#.# #####......
###...####.....#.# #.......# ####
#.'......#.#####.# #.......# #(..
#.#..............# #......## #...
#.#(..##.#.#########..w...## #...
#.##......<.....@.##.......###...
#.##.....#[#...##r#........'.....
#.##.....#.#....#.#...##...###...
#.##.....#.#...##.....##..)# #...
#........#.#...#......##...# #...
#####....#.#...#.....###...# #...
.........#.#...#.....# #...# ##.#
########.#.#...#.....# #...# #.#
....#....#.#...#.....# #...# #.#


You could see a quokka.

Vanquished Creatures
  2 oozes (D:2)
  2 worms (D:2)
  2 giant cockroaches (D:1)
  3 goblins
  5 hobgoblins
  5 bats
  A giant gecko (D:2)
  3 giant newts (D:1)
  2 kobolds
  5 rats
30 creatures vanquished.

Notes
Turn   | Place    | Note
--------------------------------------------------------------
     0 | D:1      | Kold the Vine Stalker Monk began the quest for the Orb.
     0 | D:1      | Reached XP level 1. HP: 11/11 MP: 2/2
   246 | D:1      | Reached XP level 2. HP: 16/16 MP: 3/3
   760 | D:2      | Reached XP level 3. HP: 17/19 MP: 4/4
  1350 | D:2      | Found a sparkling altar of Nemelex Xobeh.
  1506 | D:2      | HP: 1/20 [worm (6)]
  1518 | D:2      | HP: 1/20 [quokka (2)]
  1519 | D:2      | Slain by a quokka

Action                   || total
-------------------------++-------
Melee: Unarmed           ||    88
 Stab: Sleeping          ||     7
       Distracted        ||     1
  Eat: Chunk             ||     1
